 Dungeon Crawl Stone Soup version 0.27-a0-577-ge2a43ba0c9 (webtiles) character file.

Game seed: 7069751961936736318

182 night the Digger (level 5, -17/37 HPs)
             Began as a Gnoll Earth Elementalist on Mar 9, 2021.
             Hit by a large rock thrown by a cyclops (23 damage)
             ... on level 5 of the Dungeon.
             The game lasted 00:07:17 (4568 turns).

night the Digger (Gnoll Earth Elementalist)         Turns: 4568, Time: 00:07:18

Health: -17/37     AC:  7    Str:  7    XL:     5   Next: 61%
Magic:  12/12      EV: 12    Int: 16    God:
Gold:   218        SH:  4    Dex: 12    Spells: 5/14 levels left

rFire    . . .     SeeInvis .   u - +2 flail (vorpal)
rCold    . . .     Faith    .   r - +0 buckler
rNeg     . . .     Spirit   .   w - +0 leather armour
rPois    .         Reflect  .   A - +1 helmet
rElec    .         Harm     .   (no cloak)
rCorr    .         Rampage  .   x - +0 pair of gloves
Will     .....                  z - +0 pair of boots
Stlth    ++........             (no amulet)
HPRegen  0.12/turn              (no ring)
MPRegen  0.13/turn              (no ring)

@: no status effects
A: fangs 1, strong nose, distributed training
a: no special abilities


You were on level 5 of the Dungeon.
You visited 1 branch of the dungeon, and saw 5 of its levels.

You collected 218 gold pieces.

Inventory:

Hand Weapons
 i - a +0 hand axe
 q - a +2 spear
 u - a +2 vorpal flail (weapon)
 B - a +0 hand axe of venom
Missiles
 b - 195 stones (quivered)
 s - 6 silver javelins
 t - 7 javelins
Armour
 c - a +0 robe
 r - a +0 buckler (worn)
 w - a +0 leather armour (worn)
 x - a +0 pair of gloves (worn)
 z - a +0 pair of boots (worn)
 A - a +1 helmet (worn)
Scrolls
 d - 2 scrolls of enchant armour {unknown}
 f - 4 scrolls of teleportation {unknown}
 h - a scroll of enchant weapon {unknown}
 k - 2 scrolls of random uselessness {unknown}
 l - a scroll of fear {unknown}
 m - 4 scrolls of magic mapping {unknown}
 n - 2 scrolls of amnesia {unknown}
 p - 11 scrolls of identify {unknown}
 C - a scroll of fog {unknown}
Potions
 a - a potion of haste {unknown}
 e - 2 potions of heal wounds {unknown}
 g - a potion of magic {unknown}
 j - 4 potions of curing {unknown}
 o - a potion of flight {unknown}
 v - a potion of might {unknown}
 D - a potion of resistance {unknown}


   Skills:
 + Level 1.5 Fighting
 + Level 1.5 Short Blades
 + Level 1.5 Long Blades
 + Level 1.5 Axes
 + Level 1.5 Maces & Flails
 + Level 1.5 Polearms
 + Level 1.5 Staves
 + Level 1.5 Slings
 + Level 1.5 Bows
 + Level 1.5 Crossbows
 + Level 1.5 Throwing
 + Level 1.5 Armour
 + Level 4.8 Dodging
 + Level 4.4 Stealth
 + Level 1.5 Shields
 + Level 1.5 Unarmed Combat
 + Level 5.2 Spellcasting
 + Level 1.2 Conjurations
 + Level 1.2 Hexes
 + Level 1.2 Summonings
 + Level 1.2 Necromancy
 + Level 1.2 Translocations
 + Level 2.4 Transmutations
 + Level 1.2 Fire Magic
 + Level 1.2 Ice Magic
 + Level 1.2 Air Magic
 + Level 5.5 Earth Magic
 + Level 1.2 Poison Magic
 + Level 1.7 Invocations
 + Level 1.5 Evocations


You had 5 spell levels left.
You knew the following spells:

 Your Spells              Type           Power      Damage    Failure   Level
a - Sandblast             Erth           44%        2d11      3%          1
b - Stone Arrow           Conj/Erth      30%        3d8       22%         3
c - Lee's Rapid Deconstr  Erth           11%        3d9*      63%         5

Your spell library contained the following spells:

 Spells                   Type           Power      Damage    Failure   Level
 Passwall                 Tmut/Erth      14%        N/A       9%          2
 Freeze                   Ice            32%        1d5       19%         1
 Magic Dart               Conj           32%        1d4       19%         1
 Blink                    Tloc           N/A        N/A       26%         2
 Call Imp                 Summ           8%         N/A       26%         2
 Slow                     Hex            8%         N/A       26%         2
 Conjure Flame            Conj/Fire      8%         6-21      47%         3
 Mephitic Cloud           Conj/Pois/Air  8%         N/A       47%         3
 Petrify                  Tmut/Erth      17%        N/A       50%         4


Dungeon Overview and Level Annotations

Branches:
Dungeon (5/15)
 Temple: D:4-7

Altars:
Sif Muna
Trog


Innate Abilities, Weirdness & Mutations

You have very sharp teeth.
Your uncanny sense of smell can sniff out nearby items.
Your experience applies equally to all skills.


Message History

There is a large open door here.
Throw: 5 darts (atropa)
Press: ? - help, Q - select action, (/) - cycle Shift-Dir - straight line, f - cyclops
Aim: a cyclops, quivering large rocks (85% to hit, chance to blind on hit: 3%)
You throw an atropa-tipped dart.
The atropa-tipped dart hits the cyclops.
The cyclops resists.
Throw: 4 darts (atropa)
Press: ? - help, Q - select action, (/) - cycle Shift-Dir - straight line, f/p - cyclops
Aim: a cyclops, quivering large rocks (85% to hit, chance to blind on hit: 15%)
You throw an atropa-tipped dart.
The atropa-tipped dart hits the cyclops.
The cyclops resists.
Throw: 3 darts (atropa)
Press: ? - help, Q - select action, (/) - cycle Shift-Dir - straight line, f/p - cyclops
Aim: a cyclops, quivering large rocks (85% to hit, chance to blind on hit: 3%)
You throw an atropa-tipped dart.
The atropa-tipped dart hits the cyclops.
The cyclops resists.
The cyclops throws a large rock.
The large rock barely misses you.
Throw: 2 darts (atropa)
Press: ? - help, Q - select action, (/) - cycle Shift-Dir - straight line, f/p - cyclops
Aim: a cyclops, quivering large rocks (85% to hit, chance to blind on hit: 15%)
You throw an atropa-tipped dart.
The atropa-tipped dart barely misses the cyclops.
The cyclops throws a large rock.
You block the large rock.
Throw: dart (atropa)
Press: ? - help, Q - select action, (/) - cycle Shift-Dir - straight line, f/p - cyclops
Aim: a cyclops, quivering large rocks (85% to hit, chance to blind on hit: 3%)
You throw an atropa-tipped dart.
The atropa-tipped dart hits the cyclops.
The cyclops resists.
The cyclops throws a large rock.
The large rock hits you!!
Ouch! That really hurt!
* * * LOW HITPOINT WARNING * * *
The cyclops throws a large rock.
The large rock barely misses you.
There is a large open door here.
The cyclops throws a large rock.
The large rock hits you!!
Ouch! That really hurt!
You die...

+..........# .....#
#.##..........#
........##.......#.....#
.........#######.#.#......
..........# #.#.......P.
..........######'####.#....
..8.......##......# ......
≈≈!.......'.).....# ..####
§≈$.(.....'@......#
..8(?C....##†.....#
§.........##......#
..........##......+ ∆
.........###......#
........## #......#
.....(.## #......# ......#
######.# .....# .#


You could see a cyclops.

Vanquished Creatures
  A howler monkey (D:4)
  A gnoll (D:2)
  9 adders
  A white imp (D:2)
  An ooze (D:2)
  A worm (D:2)
  2 dart slugs (D:2)
  2 leopard geckos (D:1)
  4 bats
  3 goblins
  4 hobgoblins
  3 jackals (D:3)
  2 frilled lizards
  2 kobolds
  5 rats
41 creatures vanquished.

Notes
Turn   | Place    | Note
-------+----------+-------------------------------------------
     0 | D:1      | night the Gnoll Earth Elementalist began the quest for the
                  | Orb.
     0 | D:1      | Reached XP level 1. HP: 13/13 MP: 6/6
    72 | D:1      | Reached skill level 2 in Transmutations
   231 | D:1      | Reached XP level 2. HP: 9/19 MP: 5/7
  1438 | D:2      | Reached XP level 3. HP: 12/25 MP: 9/9
  1562 | D:2      | Reached skill level 5 in Spellcasting
  1646 | D:2      | Reached skill level 1 in Invocations
  1977 | D:2      | Reached skill level 1 in Fighting
  1977 | D:2      | Reached skill level 1 in Short Blades
  1977 | D:2      | Reached skill level 1 in Long Blades
  1977 | D:2      | Reached skill level 1 in Axes
  1977 | D:2      | Reached skill level 1 in Maces & Flails
  1977 | D:2      | Reached skill level 1 in Polearms
  1977 | D:2      | Reached skill level 1 in Staves
  1977 | D:2      | Reached skill level 1 in Slings
  1977 | D:2      | Reached skill level 1 in Bows
  1977 | D:2      | Reached skill level 1 in Crossbows
  1977 | D:2      | Reached skill level 1 in Throwing
  1977 | D:2      | Reached skill level 1 in Armour
  1977 | D:2      | Reached skill level 1 in Shields
  1977 | D:2      | Reached skill level 1 in Unarmed Combat
  1977 | D:2      | Reached skill level 1 in Evocations
  1977 | D:2      | Reached XP level 4. HP: 26/32 MP: 8/11
  2426 | D:2      | Learned a level 3 spell: Stone Arrow
  2588 | D:2      | Found a bloodstained altar of Trog.
  2606 | D:2      | Found a shimmering blue altar of Sif Muna.
  2620 | D:2      | Identified Sif Muna's Compendium of the Snowflakes
  2637 | D:2      | Reached skill level 1 in Conjurations
  2637 | D:2      | Reached skill level 1 in Hexes
  2637 | D:2      | Reached skill level 1 in Summonings
  2637 | D:2      | Reached skill level 1 in Necromancy
  2637 | D:2      | Reached skill level 1 in Translocations
  2637 | D:2      | Reached skill level 1 in Fire Magic
  2637 | D:2      | Reached skill level 1 in Ice Magic
  2637 | D:2      | Reached skill level 1 in Air Magic
  2637 | D:2      | Reached skill level 1 in Poison Magic
  3136 | D:3      | Reached XP level 5. HP: 31/37 MP: 9/12
  3142 | D:3      | Learned a level 5 spell: Lee's Rapid Deconstruction
  4506 | D:5      | Entered Level 5 of the Dungeon
  4529 | D:5      | Noticed a cyclops
  4568 | D:5      | Hit by a large rock thrown by a cyclops

Illustrated notes

Levels and vault maps discovered:
D:1:      nzn_arrival_crosshair, layout_basic
D:2:      layout_basic, nzn_overflow_gifts_of_might_and_magic, minivault_19
D:3:      layout_loops_ring
D:4:      layout_loops_cross
D:5:      kennysheep_big_flooded_room, layout_basic, minmay_temple_entry_trees,
          serial_shops, shop, kennysheep_mini_moat,
          chequers_serial_rivers_micro_b, uniq_menkaure, uniq_duvessa

Skill      XL: |  1  2  3  4 |
---------------+-------------+-----
Transmutations | 2 |  2.4
Spellcasting   | 5 |  5.2
Invocations    | 1 |  1.7
Fighting       | 1 |  1.5
Short Blades   | 1 |  1.5
Long Blades    | 1 |  1.5
Axes           | 1 |  1.5
Maces & Flails | 1 |  1.5
Polearms       | 1 |  1.5
Staves         | 1 |  1.5
Slings         | 1 |  1.5
Bows           | 1 |  1.5
Crossbows      | 1 |  1.5
Throwing       | 1 |  1.5
Armour         | 1 |  1.5
Shields        | 1 |  1.5
Unarmed Combat | 1 |  1.5
Evocations     | 1 |  1.5
Conjurations   | 1 |  1.2
Hexes          | 1 |  1.2
Summonings     | 1 |  1.2
Necromancy     | 1 |  1.2
Translocations | 1 |  1.2
Fire Magic     | 1 |  1.2
Ice Magic      | 1 |  1.2
Air Magic      | 1 |  1.2
Poison Magic   | 1 |  1.2
Dodging        | |  4.8
Stealth        | |  4.4
Earth Magic    | |  5.5

Action                   |  1- 3 |  4- 6 || total
-------------------------+-------+-------++-------
Melee: Unarmed           |    25 |       ||    25
       Bite              |     3 |     8 ||    11
       Hand axe          |    51 |    26 ||    77
       Spear             |       |    32 ||    32
       Flail             |       |    15 ||    15
Throw: Dart              |       |     5 ||     5
 Cast: Sandblast         |    10 |    13 ||    23
 Stab: Sleeping          |     8 |     8 ||    16
Armor: Robe              |    17 |     9 ||    26
       Leather armour    |       |     4 ||     4
Dodge: Dodged            |    53 |    60 ||   113
Block: Buckler           |       |     7 ||     7

Table legend: (Time is in decaauts)
 A = Elapsed time spent in this place.
 B = Non-inter-level travel time spent in this place.
 C = Inter-level travel time spent in this place.
 D = Time resting spent in this place.
 E = Time spent auto-exploring this place.
 F = Levels seen in this place.
 G = Mean time per level.
                   A        B        C        D        E       F      G
               +--------+--------+--------+--------+--------+-----+--------+
         Total |   4596 |   4354 |    242 |   1034 |   2727 |   5 |  919.2 |
       Dungeon |   4596 |   4354 |    242 |   1034 |   2727 |   5 |  919.2 |
               +--------+--------+--------+--------+--------+-----+--------+

Top non-repeatable levels by time:
     D:2: 1561 daAuts
     D:1: 1405 daAuts
     D:4: 792 daAuts
     D:3: 773 daAuts
     D:5: 62 daAuts
